 Dungeon Crawl Stone Soup version 0.22.1-2-g9c5b331 (webtiles) character file.

100 Lilu the Skirmisher (level 4, 0/50 HPs)
             Began as an Ogre Berserker on Nov 15, 2018.
             Was a Believer of Trog.
             Slain by a leopard gecko (5 damage)
             ... on level 3 of the Dungeon.
             The game lasted 00:04:13 (2203 turns).

Lilu the Skirmisher (Ogre Berserker)                Turns: 2203, Time: 00:04:14

Health: 0/50       AC:  3    Str: 21    XL:     4   Next: 74%
Magic:  4/4        EV: 11    Int:  8    God:    Trog [**....]
Gold:   133        SH:  0    Dex:  9    Spells: 3/3 levels left

rFire    . . .     SeeInvis .   a - +0 mace
rCold    . . .     Gourm    .   (no shield)
rNeg     . . .     Faith    .   b - +0 animal skin
rPois    .         Spirit   .   (helmet restricted)
rElec    .         Reflect  .   (no cloak)
rCorr    .         Harm     .   (gloves unavailable)
MR       .....                  (boots unavailable)
Stlth    +.........             (no amulet)
HPRegen  0.16/turn              (no ring)
MPRegen  0.09/turn              (no ring)

@: no status effects
A: large, unfitting armour, tough skin 1
a: Berserk, Trog's Hand, Renounce Religion


You were on level 3 of the Dungeon.
You worshipped Trog.
Trog was pleased with you.
You were not hungry.

You visited 1 branch of the dungeon, and saw 3 of its levels.

You collected 133 gold pieces.

Inventory:

Hand Weapons
 a - a +0 mace (weapon)
Missiles
 d - 67 stones (quivered)
 h - 18 poisoned needles
 j - 19 sling bullets
 l - 3 exploding tomahawks
 w - 7 tomahawks
Armour
 b - a +0 animal skin (worn)
Scrolls
 e - a scroll of random uselessness {unknown}
 g - a scroll of blinking {unknown}
 k - 3 scrolls of identify {unknown}
 n - a scroll of teleportation {unknown}
 o - a scroll of enchant armour {unknown}
 q - a scroll of noise {unknown}
 r - a scroll of remove curse {unknown}
 v - a scroll of enchant weapon {unknown}
Potions
 f - a potion of lignification {unknown}
 i - a potion of might {unknown}
 m - a potion of curing
 p - a potion of mutation {unknown}
 s - a potion of magic {unknown}
 t - a potion of agility {unknown}
Comestibles
 c - 12 rations


   Skills:
 + Level 5.1 Fighting
 + Level 3.7 Maces & Flails
 + Level 3.4 Dodging
 + Level 0.2 Stealth


You had 3 spell levels left.
You didn't know any spells.
Your spell library was empty.

Dungeon Overview and Level Annotations

Branches:
Dungeon (3/15)

Altars:
Gozag


Innate Abilities, Weirdness & Mutations

You are too large for most types of armour.
You have tough skin. (AC +1)


Message History

* * * LOW HITPOINT WARNING * * *
The giant cockroach bites you but does no damage.
You hit the giant cockroach but do no damage.
The leopard gecko bites you.
* * * LOW HITPOINT WARNING * * *
The giant cockroach barely misses you. The leopard gecko closely misses you.
You barely miss the giant cockroach. The giant cockroach barely misses you.
The leopard gecko bites you but does no damage.
The giant cockroach closely misses you.
You hit the giant cockroach.
The giant cockroach is heavily wounded.
The leopard gecko bites you.
* * * LOW HITPOINT WARNING * * *
The giant cockroach bites you but does no damage.
The leopard gecko bites you but does no damage.
You hit the giant cockroach.
You kill the giant cockroach!
Trog accepts your kill. The leopard gecko bites you.
You die...

#............
#......<...#
#..........#
#..........#
#.....<...%##
######.##...##
#........
#†)......
#@.......
#l)......
.........
#.#.(..... #.
....... #.
#.#.... . #.
.#.... #... ..
.# ... #...
#.##


You could see a leopard gecko.

Vanquished Creatures
  4 adders
  An ooze (D:1)
  3 dart slugs
  2 worms (D:2)
  A leopard gecko (D:1)
  2 orcs (D:3)
  3 bats (D:1)
  6 giant cockroaches
  7 goblins (D:1)
  6 hobgoblins
  A ball python (D:1)
  A frilled lizard (D:3)
  3 kobolds
  4 rats
44 creatures vanquished.

Notes
Turn   | Place    | Note
-------+----------+-------------------------------------------
     0 | D:1      | Lilu the Ogre Berserker began the quest for the Orb.
     0 | D:1      | Reached XP level 1. HP: 24/24 MP: 1/1
   147 | D:1      | Reached XP level 2. HP: 32/32 MP: 2/2
   432 | D:1      | Reached XP level 3. HP: 26/40 MP: 3/3
  1472 | D:2      | Reached XP level 4. HP: 24/49 MP: 4/4
  1474 | D:2      | Reached ** piety under Trog
  1807 | D:2      | You fall through a shaft!
  1839 | D:3      | Reached skill level 5 in Fighting
  1866 | D:2      | Found an opulent altar of Gozag.
  2203 | D:3      | Slain by a leopard gecko

Skill      XL: |  1  2  3  4 |
---------------+-------------+-----
Maces & Flails | 3 |  3.7
Dodging        | 3 |  3.4
Fighting       | 5 |  5.1
Stealth        | |  0.2

Action                   |  1- 3 |  4- 6 || total
-------------------------+-------+-------++-------
Melee: Mace              |   114 |    46 ||   160
Throw: Stone             |     4 |       ||     4
  Use: Potion            |       |     1 ||     1
 Stab: Sleeping          |       |     1 ||     1
  Eat: Chunk             |     2 |     2 ||     4
Armor: Animal skin       |    42 |    21 ||    63
Dodge: Dodged            |    76 |    51 ||   127
